Map: 월드 오브 슬리퍼스 - 래더

Players

llllllllllll (Stats)

  • Race: Protoss Protoss
  • League: Master
  • Spawn Location: 7:00

TSGSolar (Solar) - Winner!

  • Race: Zerg Zerg
  • League: Diamond
  • Spawn Location: 1:00

Event: HomeStory Cup XX

VOD

Have the link to the VOD?

Description

Time

  • Played on: Nov. 23, 2019, 4:29 a.m.
  • Length: 6:44

All games in this series

Show
View Real Time Build Order
Export as new Build Order

llllllllllll Protoss 

Build Orders: 1 Gate Expand, Oracle Opening 

Get SALT Encoding   

  12  0:00  Probe  
  13  0:12  Probe  
  14  0:17  Pylon  
  14  0:24  Probe  
  15  0:32  Probe  
  15  0:40  Probe  
  16  0:45  Gateway  
  16  0:47  Assimilator  
  17  0:51  Probe  
  18  1:03  Probe  
  19  1:15  Probe  
  20  1:23  Nexus  
  20  1:32  Cybernetics Core  
  20  1:35  Probe  
  21  1:40  Assimilator  
  21  1:47  Probe  
  21  1:51  Pylon  
  22  1:59  Probe  
  23  2:09  Adept  
  23  2:11  Probe  
  26  2:16  Stargate  
  26  2:21  Probe  
  26  2:25  Warp Gate  
  26  2:29  Probe  
  27  2:31  Probe  
  29  2:38  Probe  
  29  2:39  Stalker, Probe  
  33  2:49  Probe  
  33  2:50  Probe  
  34  2:52  Oracle  
  35  3:02  Probe x2  
  40  3:14  Probe x2  
  40  3:15  Pylon  
  42  3:21  Robotics Facility  
  42  3:26  Probe x2  
  44  3:28  Assimilator  
  44  3:32  Gateway  
  44  3:38  Oracle, Probe x2  
  46  3:41  Pylon  
  49  3:50  Probe  
  49  3:51  Probe  
  51  4:02  Probe  
  52  4:03  Probe  
  52  4:06  Observer  
  54  4:11  Nexus  
  54  4:14  Pylon x2  
  54  4:15  Probe x2  
  56  4:17  Assimilator  
  56  4:20  Immortal  
  56  4:23  Sentry  
  58  4:27  Probe  
  58  4:28  Probe  
  64  4:39  Probe  
  64  4:40  Probe  
  64  4:44  Sentry  
  68  4:52  Probe x2  
  70  4:54  Gateway  
  70  4:55  Gateway  
  70  4:56  Forge, Twilight Council  
  70  5:01  Sentry  
  70  5:07  Probe x2  
  74  5:09  Adept  
  76  5:19  Probe x2  
  78  5:32  Probe x3  
  78  5:35  Immortal  
  83  5:54  Stalker x4  
  91  6:01  Shield Battery  
  91  6:02  Shield Battery  
  91  6:03  Shield Battery  
  91  6:04  Pylon  
  91  6:06  Pylon  
  91  6:22  Zealot x2  
  91  6:23  Zealot x2  
  84  6:31  Gateway  
  71  6:33  Gateway  
  71  6:35  Gateway  
Show
View Real Time Build Order
Export as new Build Order

TSGSolar Zerg - Winner!

Build Orders: Hatch First 

Get SALT Encoding   

  12  0:01  Drone  
  13  0:13  Overlord  
  13  0:17  Drone  
  14  0:32  Drone x2  
  16  0:48  Hatchery  
  15  0:51  Drone  
  15  0:54  Drone  
  17  0:58  Drone  
  18  1:08  Extractor  
  17  1:14  Spawning Pool  
  17  1:15  Drone  
  17  1:19  Drone  
  18  1:28  Drone  
  19  1:39  Drone  
  20  1:47  Hatchery  
  20  1:51  Drone  
  20  2:00  Queen  
  22  2:03  Drone  
  22  2:06  Drone  
  24  2:11  Drone  
  24  2:15  Overlord  
  25  2:23  Queen  
  25  2:29  Metabolic Boost  
  27  2:31  Zergling x2  
  27  2:34  Zergling x2  
  29  2:38  Drone  
  29  2:39  Drone  
  31  2:46  Queen  
  31  2:49  Drone  
  31  2:50  Drone  
  35  2:56  Drone  
  35  2:58  Overlord  
  36  3:03  Queen  
  38  3:06  Drone  
  38  3:11  Drone x2  
  38  3:12  Drone  
  42  3:19  Drone x2  
  44  3:24  Overlord  
  44  3:29  Drone x2  
  44  3:32  Drone x2  
  48  3:34  Drone x2  
  48  3:39  Spore Crawler  
  49  3:43  Spore Crawler, Queen  
  49  3:45  Drone  
  49  3:47  Overlord  
  51  3:49  Zergling x4  
  51  3:51  Zergling x2  
  54  4:04  Drone x4  
  54  4:05  Drone x4  
  54  4:07  Drone  
  60  4:10  Overlord  
  60  4:14  Extractor  
  60  4:15  Extractor  
  60  4:16  Roach Warren  
  57  4:19  Drone  
  57  4:20  Drone  
  57  4:21  Drone  
  60  4:25  Overlord  
  60  4:28  Queen  
  62  4:31  Overlord  
  62  4:35  Overlord  
  62  4:36  Overlord  
  62  4:42  Spore Crawler  
  62  4:43  Drone  
  61  4:56  Roach x6  
  61  4:57  Roach  
  77  5:00  Roach  
  77  5:02  Roach  
  79  5:08  Zergling x8  
  79  5:11  Zergling x2  
  79  5:12  Zergling x4  
  86  5:17  Ravager x4  
  86  5:18  Zergling x4  
  86  5:21  Overlord  
  92  5:24  Zergling x6  
  93  5:29  Zergling x2  
  93  5:30  Zergling x4  
  93  5:31  Zergling x2  
  93  5:34  Zergling x6  
  101  5:35  Ravager  
  101  5:40  Zergling x6  
  103  5:43  Zergling x2  
  103  5:44  Zergling x2  
  102  5:50  Zergling x2, Ravager x2  
  102  5:51  Zergling x8  
  102  5:54  Zergling x4  
  101  5:57  Ravager  
  101  5:58  Zergling x4  
  101  6:02  Zergling x2, Roach  
  101  6:04  Zergling x2  
  104  6:07  Ravager  
  104  6:08  Zergling x6  
  108  6:12  Zergling x2  
  108  6:21  Zergling x6  
  102  6:27  Zergling x2  
Tags
 
Add a new tag
Caveats
  • Supply blocks, unpowered buildings, or Contaminate may cause inaccurate times.
  • Supply counts are checked every 10 seconds.